 Dungeon Crawl Stone Soup version 0.30-a0-170-g85af917532 (webtiles) character file.

Game seed: 4925232810715844292

4749 qw the Cleaver (level 10, -27/64 HPs)
             Began as a Gargoyle Fighter on Oct 1, 2022.
             Hit by a large rock thrown by a cyclops (31 damage)
             ... on level 11 of the Dungeon.
             The game lasted 00:03:05 (7715 turns).

qw the Cleaver (Gargoyle Fighter)                   Turns: 7715, Time: 00:03:05

Health: -27/64     AC: 23    Str: 23    XL:     10   Next: 46%
Magic:  10/10      EV:  8    Int: 10    God:
Gold:   640        SH:  5    Dex: 13    Spells: 9/9 levels left

rFire   + + .      SeeInvis .    Y - +1 war axe (freeze)
rCold   x . .      Faith    .    c - +0 buckler
rNeg    + . .      Spirit   .    m - +0 chain mail
rPois   inf        Reflect  .    n - +0 helmet
rElec   +          Harm     .    (no cloak)
rCorr   .          Rampage  .    g - +0 pair of gloves
Will    .....                    i - +2 pair of boots
Stlth   ..........               p - amulet of regeneration
HPRegen 1.00/turn                a - ring of protection from fire
MPRegen 0.12/turn                e - ring "Xaclum" {Fire Dex+4}

@: no status effects
A: sickness immunity, AC +7, negative energy resistance 1, electricity
resistance, torment resistance 1, petrification resistance
a: no special abilities


You were on level 11 of the Dungeon.
You visited 1 branch of the dungeon, and saw 9 of its levels.
You also visited: Ossuary.

You collected 640 gold pieces.


Innate Abilities, Weirdness & Mutations

You are immune to sickness and miasma.
Your stone body is resilient. (AC +7)
You are immune to poison.
You resist negative energy. (rN+)
You are resistant to electric shocks. (rElec)
You are resistant to unholy torment.
You are immune to petrification.


   Skills:
 - Level 8.2 Fighting
 + Level 10.2 Axes
 - Level 3.2 Throwing
 - Level 6.0 Armour
 - Level 2.4 Dodging
 - Level 5.4 Shields


You had 9 spell levels left.
You didn't know any spells.
Your spell library was empty.

Inventory:

Hand Weapons
 u - a +0 whip
 Y - a +1 war axe of freezing (weapon)
Missiles
 t - 3 silver boomerangs (quivered)
Armour
 c - a +0 buckler (worn)
 f - a +1 cloak of stealth
 g - a +0 pair of gloves (worn)
 i - a +2 pair of boots (worn)
 l - an orb of wrath
 m - a +0 chain mail (worn)
 n - a +0 helmet (worn)
 q - a scarf of shadows
Jewellery
 a - a ring of protection from fire (left hand)
 e - the ring "Xaclum" (right hand) {Fire Dex+4}
   (You acquired it in an ossuary)

   [ring of fire]

   It enhances your fire magic.
   Dex:       It affects your dexterity (+4).
   rF:        It protects you from fire.
   rC:        It makes you vulnerable to cold.
 p - an amulet of regeneration (around neck)
Scrolls
 b - a scroll of poison {unknown}
 h - 5 scrolls of identify
 r - a scroll of enchant armour {unknown}
Potions
 d - 3 potions of might
 j - 5 potions of lignification
 k - a potion of haste
 o - 2 potions of curing
 s - a potion of mutation {unknown}

Dungeon Overview and Level Annotations

Branches:
Dungeon (11/15)            Temple (0/1) D:6         Ossuary (visited)
   Lair: D:8-11         Orc: D:9-12

Altars:
Gozag
Hepliaklqana
Ru
Uskayaw
Wu Jian

Annotations:
D:7 2 transporters
D:11 Sonja


Message History

You throw a silver boomerang. The silver boomerang hits the cyclops.
The cyclops is moderately wounded.
Sonja gestures wildly while chanting.
Sonja blinks!
Sonja throws a curare-tipped dart.
The curare-tipped dart hits you.
Throw: 3 boomerangs (silver)
Press: ? - help, Q - select action Shift-Dir - straight line, f/p - cyclops You throw a silver boomerang.
The silver boomerang hits the cyclops but does no damage.
The cyclops is moderately wounded.
Sonja throws a curare-tipped dart.
The curare-tipped dart closely misses you.
Throw: 3 boomerangs (silver)
Press: ? - help, Q - select action Shift-Dir - straight line, f/p - cyclops You throw a silver boomerang.
The silver boomerang hits the cyclops but does no damage.
The cyclops is moderately wounded.
Throw: 3 boomerangs (silver)
Press: ? - help, Q - select action Shift-Dir - straight line, f/p - cyclops You throw a silver boomerang.
The silver boomerang hits the cyclops.
The cyclops is heavily wounded.
You miss Sonja. Sonja hits you but does no damage.
Space warps horribly around you!
Sonja hits you with a +0 short sword of distortion.
You block Sonja's attack.
You closely miss Sonja. Sonja hits you but does no damage.
Sonja hits you with a +0 short sword of distortion.
Space warps around you! Sonja barely misses you.
The cyclops throws a large rock.
The large rock closely misses you. Sonja hits you but does no damage.
You blink.
Found a dagger and a glowing hand axe.
Enter note: Throw: 3 boomerangs (silver)
Press: ? - help, Q - select action Shift-Dir - straight line, f/p - cyclops You throw a silver boomerang.
The silver boomerang hits the cyclops.
The cyclops is heavily wounded.
Sonja throws a curare-tipped dart.
The curare-tipped dart hits you.
The cyclops throws a large rock.
The large rock hits you!!
You die...

..).)..)....#.#
####)#.######.#.
.#.#.#.# #...#
.#.#.#.######...########
...#.#....¤K............
.#.#.#...##.............
.......#.##C.........)..
######.#.##.............
#.#.##.....@.).....
#.#.##.............
#.#.##.............
..#.##.............
..#.##...........## #.#
#..########### >.# ...
..


You could see a cyclops and Sonja.

Vanquished Creatures
  A manticore (D:11)
  Maurice (D:8)
  A kobold demonologist (D:11)
  Sigmund (D:5)
  A wyvern (D:7)
  4 yaks (D:11)
  A steam dragon (D:6)
  An ice beast (D:6)
  An orc warrior (D:7)
  A sky beast (D:7)
  5 black bears
  2 ogres
  A phantom (D:5)
  A gnoll sergeant (D:11)
  2 necrophages
  3 scorpions
  A howler monkey (D:8)
  6 centaur zombies (Ossuary)
  6 human zombies (Ossuary)
  2 jellies
  7 orc priests
  5 hounds
  4 iguanas
  Natasha (twice) (D:2)
  7 orc wizards
  3 mummies (Ossuary)
  10 gnolls
  8 adders
  A shadow imp (D:5)
  3 white imps
  A worm (D:2)
  3 dart slugs
  16 orcs
  6 endoplasms
  2 giant cockroaches
  7 goblins
  5 hobgoblins
  A quokka (D:1)
  4 ball pythons
  8 bats
  6 kobolds
  A rat (D:1)
152 creatures vanquished.

Notes
Turn   | Place    | Note
-------+----------+-------------------------------------------
     0 | D:1      | qw the Gargoyle Fighter began the quest for the Orb.
     0 | D:1      | Reached XP level 1. HP: 14/14 MP: 1/1
     0 | D:1      | 0 ||| qw: Version: 0.2-a-13-gfc7b4b4
     0 | D:1      | 0 ||| qw: Game counter: 1717
     0 | D:1      | 0 ||| qw: Always use a shield: true
     0 | D:1      | 0 ||| qw: God list: Okawaru
     0 | D:1      | 0 ||| qw: Allow faded altars: false
     0 | D:1      | 0 ||| qw: Do Orc after D:15 true
     0 | D:1      | 0 ||| qw: Do second Lair branch before Depths: true
     0 | D:1      | 0 ||| qw: Lair rune preference: random
     0 | D:1      | 0 ||| qw: Plans: Normal, Zot:1-4, God:TSO, Crypt, Tomb,
                  | Pan, Slime:5, Hells, Abyss, Orb
     0 | D:1      | 0 ||| PLANNING D:1-11
   109 | D:1      | Reached skill level 2 in Axes
   412 | D:1      | 412 ||| Stepping ~*~*~tactically~*~*~ (stealth).
   477 | D:1      | Reached XP level 2. HP: 16/19 MP: 2/2
   516 | D:1      | Found a faded altar of an unknown god.
   517 | D:1      | 517 ||| Stepping ~*~*~tactically~*~*~ (stealth).
   518 | D:1      | 518 ||| Stepping ~*~*~tactically~*~*~ (stealth).
   644 | D:1      | 644 ||| Stepping ~*~*~tactically~*~*~ (hiding).
   779 | D:1      | 779 ||| Stepping ~*~*~tactically~*~*~ (stealth).
   783 | D:1      | Reached skill level 3 in Axes
   796 | D:1      | Reached XP level 3. HP: 23/23 MP: 3/3
   850 | D:1      | 850 ||| UPGRADING to +0 pair of gloves.
   855 | D:1      | 855 ||| DROPPING scarf of invisibility.
   856 | D:1      | 856 ||| DRINKING 2 yellow potions.
   919 | D:2      | 919 ||| STAIRDANCE
   999 | D:2      | Found a hazy altar of Hepliaklqana.
  1129 | D:2      | Noticed Natasha
  1138 | D:2      | Killed Natasha
  1139 | D:2      | Reached skill level 4 in Axes
  1139 | D:2      | Reached XP level 4. HP: 17/28 MP: 4/4
  1546 | D:2      | 1546 ||| READING scroll labelled YRAPLI ROENARCHOFIH.
  1547 | D:2      | 1547 ||| READING scroll labelled NIHUDD KOGEN.
  1552 | D:2      | Noticed Natasha
  1553 | D:2      | 1553 ||| Stepping ~*~*~tactically~*~*~ (stealth).
  1566 | D:2      | Killed Natasha
  1756 | D:3      | Reached XP level 5. HP: 32/32 MP: 5/5
  1764 | D:3      | 1764 ||| DROPPING +0 whip.
  1797 | D:3      | 1797 ||| Stepping ~*~*~tactically~*~*~ (stealth).
  1798 | D:3      | 1798 ||| Stepping ~*~*~tactically~*~*~ (stealth).
  2141 | D:3      | 2141 ||| READING 2 scrolls labelled ARY VESCHAICKO.
  2142 | D:3      | 2142 ||| READING scroll labelled PADWEP VUGG.
  2143 | D:3      | 2143 ||| READING scroll labelled SAITEO BIEHIL.
  2148 | D:3      | 2148 ||| READING scroll labelled XIT FAJOKHY.
  2149 | D:3      | 2149 ||| READING 3 scrolls labelled CAMAYJ JOI.
  2150 | D:3      | 2150 ||| READING scroll labelled PEPTEF GYMUOF.
  2151 | D:3      | 2151 ||| READING scroll labelled JOIPTI HAMPOAGY.
  2152 | D:3      | 2152 ||| READING scroll labelled LACZIE ZUUNICW.
  2153 | D:3      | 2153 ||| DROPPING 2 scrolls of vulnerability.
  2274 | D:4      | Reached skill level 5 in Axes
  2349 | D:4      | Reached XP level 6. HP: 35/38 MP: 6/6
  2350 | D:4      | 2350 ||| Stepping ~*~*~tactically~*~*~ (stealth).
  2353 | D:4      | 2353 ||| Stepping ~*~*~tactically~*~*~ (stealth).
  2360 | D:4      | 2360 ||| Stepping ~*~*~tactically~*~*~ (stealth).
  2516 | D:4      | 2516 ||| DROPPING +0 mace of protection.
  2662 | D:4      | 2662 ||| Stepping ~*~*~tactically~*~*~ (hiding).
  2664 | D:4      | 2664 ||| Stepping ~*~*~tactically~*~*~ (hiding).
  2680 | D:4      | Reached skill level 1 in Dodging
  3305 | D:4      | 3305 ||| UPGRADING to ring of protection from fire.
  3306 | D:4      | 3306 ||| DRINKING 2 coppery potions.
  3307 | D:4      | 3307 ||| READING 2 scrolls of identify.
  3307 | D:4      | 3307 ||| IDENTIFYING bubbling white potion
  3308 | D:4      | 3308 ||| DROPPING potion of degeneration.
  3328 | D:5      | Entered Level 5 of the Dungeon
  3440 | D:5      | 3440 ||| Stepping ~*~*~tactically~*~*~ (hiding).
  3454 | D:5      | 3454 ||| DRINKING potion of curing.
  3454 | D:5      | 3454 ||| (to cure confusion)
  3457 | D:5      | Reached skill level 6 in Axes
  3476 | D:5      | Reached XP level 7. HP: 34/43 MP: 7/7
  3547 | D:5      | Noticed Sigmund
  3558 | D:5      | Killed Sigmund
  3703 | D:5      | Reached skill level 7 in Axes
  4314 | D:5      | Reached XP level 8. HP: 47/49 MP: 8/8
  4472 | D:5      | Found a hide-covered altar of Uskayaw.
  4593 | D:5      | Reached skill level 8 in Axes
  4852 | D:5      | 4852 ||| UPGRADING to +0 pair of boots.
  4857 | D:5      | 4857 ||| DROPPING scarf of shadows.
  4858 | D:5      | 4858 ||| UPGRADING to amulet of regeneration.
  4863 | D:5      | 4863 ||| READING scroll labelled DIOTYLI KADOHO.
  4864 | D:5      | 4864 ||| READING 2 scrolls of identify.
  4864 | D:5      | 4864 ||| IDENTIFYING viscous cyan potion
  4865 | D:5      | 4865 ||| DROPPING potion of flight.
  4898 | D:6      | 4898 ||| PLANNING OSSUARY
  5069 | D:6      | Reached skill level 6 in Fighting
  5158 | D:6      | Found a staircase to the Ecumenical Temple.
  5271 | D:6      | 5271 ||| Stepping ~*~*~tactically~*~*~ (hiding).
  5284 | D:6      | Reached skill level 9 in Axes
  5370 | D:6      | Found a sand-covered staircase.
  5371 | D:6      | 5371 ||| UPGRADING to +2 pair of boots.
  5381 | D:6      | 5381 ||| DROPPING +0 pair of boots.
  5382 | D:6      | 5382 ||| UPGRADING to +0 helmet.
  5391 | Ossuary  | Entered an ossuary
  5406 | Ossuary  | Reached XP level 9. HP: 55/55 MP: 9/9
  5408 | Ossuary  | Reached skill level 1 in Throwing
  5586 | Ossuary  | 5586 ||| READING scroll labelled HAVUF MOVICUO.
  5587 | Ossuary  | 5587 ||| DROPPING +0 flail of protection.
  5588 | Ossuary  | 5588 ||| READING scroll labelled GEAHEI PACAUZ.
  5588 | Ossuary  | Identified a scroll of acquirement
  5588 | Ossuary  | 5588 ||| ACQUIRING ring "Xaclum" {Fire Dex+4}
  5588 | Ossuary  | Acquired the ring "Xaclum" {Fire Dex+4}
  5590 | Ossuary  | 5590 ||| UPGRADING to ring "Xaclum" {Fire Dex+4}.
  5591 | Ossuary  | 5591 ||| DRINKING 2 orange potions.
  5592 | Ossuary  | 5592 ||| READING 5 scrolls of identify.
  5592 | Ossuary  | 5592 ||| IDENTIFYING murky dark potion
  5593 | Ossuary  | 5593 ||| READING 4 scrolls of identify.
  5593 | Ossuary  | 5593 ||| IDENTIFYING bubbling black potion
  5594 | Ossuary  | 5594 ||| READING 3 scrolls of identify.
  5594 | Ossuary  | 5594 ||| IDENTIFYING purple potion
  5595 | Ossuary  | 5595 ||| DROPPING potion of berserk rage.
  5596 | Ossuary  | 5596 ||| DROPPING potion of brilliance.
  5606 | D:6      | 5606 ||| PLANNING D:1-11
  5709 | D:7      | 5709 ||| STAIRDANCE
  5823 | D:7      | Found a transporter.
  5831 | D:7      | Found an ornate altar of the Wu Jian Council.
  5831 | D:7      | Noticed a manticore
  5832 | D:7      | Found a transporter.
  5833 | D:7      | Found a sacrificial altar of Ru.
  5833 | D:7      | Noticed a manticore
  5838 | D:7      | Noticed a kobold demonologist
  5911 | D:7      | 5911 ||| Stepping ~*~*~tactically~*~*~ (stealth).
  5912 | D:7      | 5912 ||| Stepping ~*~*~tactically~*~*~ (stealth).
  6225 | D:7      | 6225 ||| Stepping ~*~*~tactically~*~*~ (hiding).
  6230 | D:7      | 6230 ||| FLEEEEING.
  6231 | D:7      | 6231 ||| FLEEEEING.
  6232 | D:7      | 6232 ||| FLEEEEING.
  6233 | D:7      | 6233 ||| FLEEEEING.
  6234 | D:7      | 6234 ||| FLEEEEING.
  6235 | D:7      | 6235 ||| FLEEEEING.
  6236 | D:7      | 6236 ||| FLEEEEING.
  6237 | D:7      | 6237 ||| FLEEEEING.
  6238 | D:7      | 6238 ||| FLEEEEING.
  6239 | D:7      | 6239 ||| FLEEEEING.
  6240 | D:7      | 6240 ||| FLEEEEING.
  6241 | D:7      | 6241 ||| FLEEEEING.
  6283 | D:7      | Reached skill level 10 in Axes
  6399 | D:7      | 6399 ||| UPGRADING to +0 chain mail.
  6409 | D:7      | 6409 ||| DROPPING +0 scale mail.
  6410 | D:7      | 6410 ||| READING scroll labelled PUOSES OGOUNIU.
  6427 | D:8      | 6427 ||| READING scroll of brand weapon.
  6427 | D:8      | 6427 ||| BRANDING +1 war axe of flaming.
  6455 | D:8      | Noticed Maurice
  6476 | D:8      | HP: 10/57 [something/bolt of light (19)]
  6491 | D:8      | HP: 13/57 [something/bolt of light (9)]
  6492 | D:8      | 6492 ||| DRINKING 3 potions of curing.
  6492 | D:8      | 6492 ||| (to cure confusion)
  6498 | D:8      | 6498 ||| Stepping ~*~*~tactically~*~*~ (hiding).
  6499 | D:8      | 6499 ||| Stepping ~*~*~tactically~*~*~ (hiding).
  6502 | D:8      | Killed Maurice
  6503 | D:8      | Reached skill level 6 in Armour
  6552 | D:8      | Reached XP level 10. HP: 63/63 MP: 10/10
  6891 | D:8      | Found an opulent altar of Gozag.
  7415 | D:8      | You fall into a shaft and drop 3 floors!
  7481 | D:11     | Noticed a manticore
  7488 | D:11     | HP: 15/63 [manticore (7)]
  7488 | D:11     | HP: 7/63 [manticore (8)]
  7489 | D:11     | 7489 ||| DRINKING 2 potions of heal wounds.
  7492 | D:11     | Killed a manticore
  7493 | D:11     | Reached skill level 3 in Throwing
  7498 | D:11     | 7498 ||| Stepping ~*~*~tactically~*~*~ (stealth).
  7526 | D:11     | HP: 14/64 [yak (10)]
  7527 | D:11     | 7527 ||| DRINKING potion of heal wounds.
  7613 | D:11     | Noticed a kobold demonologist
  7622 | D:11     | Killed a kobold demonologist
  7643 | D:11     | 7643 ||| Stepping ~*~*~tactically~*~*~ (hiding).
  7705 | D:11     | Noticed a cyclops
  7708 | D:11     | Noticed Sonja
  7713 | D:11     | HP: 16/64 [Sonja/+0 short sword of distortion (10)]
  7714 | D:11     | HP: 3/64 [Sonja/+0 short sword of distortion (7)]
  7715 | D:11     | Hit by a large rock thrown by a cyclops

Levels and vault maps discovered:
D:1:      lemuel_arrival_cross, layout_basic,
          chequers_ecumenical_altar_simple_redux
D:2:      layout_basic, basic_altar, uniq_natasha
D:3:      layout_basic
D:4:      layout_gridville
D:5:      layout_gridville, nicolae_uskayaw_suspiria, uniq_sigmund
D:6:      layout_gridville, minmay_temple_entry_glassed_door, enter_ossuary_2
D:7:      layout_loops_cross, gammafunk_temple_overflow_arena,
          nrook_mini_backslash, david_defended_altar_orc
D:8:      layout_layer_cave, nicolae_overflow_crystal_walls,
          yredelemnul_forgotten_temple_becter, uniq_maurice
D:11:     layout_basic, orc_0_dummy, special_room [special_room_bee],
          mrwooster_statue_mirror, uniq_sonja

Skill      XL: |  1  2  3  4  5  6  7  8  9 10 |
---------------+-------------------------------+-----
Axes           | 2 3 4 5 6 7 9 10 | 10.2
Fighting       | 4 5 6 7 8 |  8.2
Dodging        | 1 2 |  2.4
Throwing       | 1 3 |  3.2
Shields        | 4 5 |  5.4
Armour         | 6 |  6.0

Action                   |  1- 3 |  4- 6 |  7- 9 | 10-12 || total
-------------------------+-------+-------+-------+-------++-------
Melee: War axe           |    86 |   161 |   326 |   102 ||   675
Throw: Boomerang         |       |       |     3 |    14 ||    17
  Use: Potion            |     1 |     2 |     2 |     2 ||     7
       Scroll            |       |    11 |     9 |       ||    20
Armor: Scale mail        |    50 |    92 |   191 |       ||   333
       Chain mail        |       |       |    19 |    56 ||    75
Dodge: Dodged            |    35 |    68 |   132 |    30 ||   265
Block: Buckler           |    14 |    18 |    45 |    16 ||    93

Table legend:
 A = Non-vault XP
 B = Vault XP
 C = Vault XP percentage of total XP
 D = Non-vault monster count
 E = Vault monster count
 F = Vault count percentage of total count
                 A         B        C        D         E       F
            +---------+---------+-------+---------+---------+-------
      Total |    5356 |    1429 |  21.1 |     131 |      21 |  13.8
            +---------+---------+-------+---------+---------+-------
        D:1 |      51 |       0 |   0.0 |      22 |       0 |   0.0
        D:2 |      74 |      35 |  32.1 |       9 |       1 |  10.0
        D:3 |      42 |       0 |   0.0 |      14 |       0 |   0.0
        D:4 |     303 |       0 |   0.0 |      16 |       0 |   0.0
        D:5 |     818 |     214 |  20.7 |      18 |       1 |   5.3
        D:6 |     933 |       0 |   0.0 |      16 |       0 |   0.0
        D:7 |     841 |     124 |  12.8 |      11 |       3 |  21.4
        D:8 |     238 |     469 |  66.3 |       4 |       1 |  20.0
       D:11 |    2056 |       0 |   0.0 |      21 |       0 |   0.0
    Ossuary |       0 |     587 | 100.0 |       0 |      15 | 100.0
            +---------+---------+-------+---------+---------+-------
